 Dungeon Crawl Stone Soup version 0.29-a0-512-gf59ac788ac (webtiles) character file.

Game seed: 17987950524053866810

3051 Maken the Blocker (level 10, -6/82 HPs)
             Began as a Formicid Fighter on May 29, 2022.
             Mangled by a troll (7 damage)
             ... on level 7 of the Dungeon.
             The game lasted 00:13:00 (6421 turns).

Maken the Blocker (Formicid Fighter)                Turns: 6421, Time: 00:13:00

Health: -6/82      AC:  9    Str: 25    XL:     10   Next: 11%
Magic:  10/10      EV: 10    Int:  8    God:
Gold:   249        SH:  6    Dex: 10    Spells: 9/9 levels left

rFire   . . .      SeeInvis +   q - +1 broad axe (flame)
rCold   . . .      Faith    .   c - +0 buckler
rNeg    . . .      Spirit   .   b - +0 scale mail
rPois   .          Reflect  .   (helmet unavailable)
rElec   .          Harm     .   (no cloak)
rCorr   .          Rampage  .   l - +0 pair of gloves
Will    +....                   (no boots)
Stlth   ..........              (no amulet)
HPRegen 0.23/turn               (no ring)
MPRegen 0.12/turn               (no ring)

@: no status effects
A: permanent stasis, dig shafts and tunnels, antennae 3, four strong arms
a: Dig, Shaft Self


You were on level 7 of the Dungeon.
You visited 1 branch of the dungeon, and saw 7 of its levels.

You collected 354 gold pieces.
You spent 105 gold pieces at shops.

Inventory:

Hand Weapons
 a - a +0 war axe
 q - a +1 broad axe of flaming (weapon)
Missiles
 m - a throwing net
 x - 11 poisoned darts
Armour
 b - a +0 scale mail (worn)
 c - a +0 buckler (worn)
 l - a +0 pair of gloves (worn)
Jewellery
 j - a ring of wizardry
Wands
 u - a wand of polymorph (9)
Scrolls
 e - 2 scrolls of immolation {unknown}
 i - 5 scrolls of fear
 n - 3 scrolls of enchant weapon {unknown}
 p - a scroll of blinking
 r - 2 scrolls of summoning
 v - 3 scrolls of poison {unknown}
 w - 2 scrolls of vulnerability
 y - a scroll of brand weapon {unknown}
 B - a scroll of teleportation {unknown}
Potions
 d - 3 potions of might
 f - 2 potions of haste
 g - 2 potions of lignification {unknown}
 h - a potion of heal wounds
 k - a potion of degeneration {unknown}
 o - 2 potions of curing
 s - a potion of invisibility {unknown}
 t - 2 potions of mutation {unknown}
 z - 2 potions of attraction {unknown}
 A - a potion of flight {unknown}


   Skills:
 + Level 8.7 Fighting
 + Level 9.2 Axes
 + Level 2.6 Throwing
 + Level 8.6 Armour
 - Level 0.7 Dodging
 - Level 0.2 Stealth
 + Level 10.1 Shields
 + Level 3.3 Evocations


You had 9 spell levels left.
You didn't know any spells.
Your spell library contained the following spells:

 Spells                   Type           Power      Damage    Failure   Level
 Sublimation of Blood     Necr           0%         N/A       85%         2
 Wereblood                Tmut           0%         N/A       85%         2
 Summon Guardian Golem    Hex/Summ       0%         N/A       97%         3
 Orb of Destruction       Conj           0%         9d5       100%        7
 Spellforged Servitor     Conj/Summ      0%         N/A       100%        7
 Summon Hydra             Summ           0%         N/A       100%        7


Dungeon Overview and Level Annotations

Branches:
Dungeon (7/15)
 Temple: D:4-7

Altars:
Elyvilon
Fedhas
Hepliaklqana
Ru

Shops:
D:3 *=?:


Innate Abilities, Weirdness & Mutations

You cannot be hasted, slowed, berserked, paralysed or teleported.
You can dig through walls and to a lower floor.
You have a pair of large antennae on your head. (SInv)
Your four strong arms can wield two-handed weapons with a shield.


Message History

You are too injured to fight recklessly!
Unknown command.
You feel much better. You block the troll's attack. The troll claws you. x2
You hit the troll. You burn the troll.
The troll is lightly wounded.
The troll closely misses you. You block the troll's attack. x2
You slash the troll! You burn the troll.
The troll is severely wounded.
You block the troll's attack. The troll misses you. The troll claws you!
You are too injured to fight recklessly!
You are too injured to fight recklessly!
You are too injured to fight recklessly!
You are too injured to fight recklessly!
You closely miss the troll.
The troll is heavily wounded.
The troll bites you. The troll claws you but does no damage.
The troll claws you!
You hit the troll but do no damage.
The troll is heavily wounded.
The troll bites you!
* * * LOW HITPOINT WARNING * * *
The troll closely misses you. The troll claws you.
* * * LOW HITPOINT WARNING * * *
You slash the troll! You burn the troll.
The troll is almost dead.
The troll misses you. The troll closely misses you.
The troll barely misses you. You block the troll's attack.
The troll claws you but does no damage. The troll barely misses you.
You barely miss the troll.
The troll is almost dead.
The troll bites you!
* * * LOW HITPOINT WARNING * * *
You block the troll's attack. The troll closely misses you.
You closely miss the troll.
The troll is almost dead.
The troll bites you!
* * * LOW HITPOINT WARNING * * *
The troll barely misses you. The troll claws you!
You die...

##.........'....#
#..........####.#
#........### #.#
#........# #.#
#........# #.#
#........# #.#
#........# #.# {
###############.#
#...)T@...# {
#..######## #. ..
.. .. .


You could see a troll.

Vanquished Creatures
  3 water moccasins
  A sky beast (D:7)
  An orc warrior (D:7)
  An ice beast (D:5)
  An ogre (D:4)
  2 black bears (D:6)
  A phantom (D:6)
  Blork the orc (D:4)
  2 bullfrogs (D:6)
  A kobold brigand (D:6)
  2 necrophages
  5 wights (D:6)
  10 hounds
  A gnoll shaman (D:7)
  2 jellies
  4 iguanas
  Terence (D:3)
  3 orc wizards
  8 gnolls
  7 adders
  A white imp (D:7)
  A worm (D:4)
  12 orcs
  8 ball pythons
  10 bats
  4 endoplasms
  4 giant cockroaches
  8 hobgoblins
  9 jackals
  16 kobolds
  4 quokkas
  A frilled lizard (D:1)
  6 goblins
  A rat (D:1)
142 creatures vanquished.

Notes
Turn   | Place    | Note
-------+----------+-------------------------------------------
     0 | D:1      | Maken the Formicid Fighter began the quest for the Orb.
     0 | D:1      | Reached XP level 1. HP: 18/18 MP: 1/1
   112 | D:1      | Reached XP level 2. HP: 24/24 MP: 2/2
   402 | D:1      | Found a faded altar of an unknown god.
   563 | D:2      | Reached XP level 3. HP: 30/30 MP: 3/3
   931 | D:2      | Reached XP level 4. HP: 37/37 MP: 4/4
  1016 | D:2      | Reached XP level 5. HP: 10/42 MP: 5/5
  1673 | D:3      | Found Latesk's Magic Scroll Boutique.
  1943 | D:3      | Noticed Terence
  1951 | D:3      | Killed Terence
  2044 | D:3      | Found Qouq's General Store.
  2062 | D:3      | Bought a scroll of identify for 28 gold pieces
  2062 | D:3      | Bought a potion of curing for 42 gold pieces
  2078 | D:3      | Bought a scroll of fear for 35 gold pieces
  2362 | D:3      | Found Ycryhiopt's Book Shoppe.
  2386 | D:3      | Reached XP level 6. HP: 35/48 MP: 6/6
  2768 | D:3      | Found Nooj Bemo's Jewellery Shoppe.
  2968 | D:4      | Noticed an ogre
  2972 | D:4      | Reached skill level 5 in Axes
  2977 | D:4      | Killed an ogre
  3199 | D:4      | Reached XP level 7. HP: 49/53 MP: 7/7
  3299 | D:4      | Reached skill level 1 in Evocations
  3769 | D:4      | Noticed Blork the orc
  3785 | D:4      | Killed Blork the orc
  4064 | D:5      | Entered Level 5 of the Dungeon
  4148 | D:5      | Noticed a water moccasin
  4157 | D:5      | Killed a water moccasin
  4158 | D:5      | Reached skill level 1 in Throwing
  4490 | D:5      | Reached skill level 9 in Shields
  4490 | D:5      | Reached XP level 8. HP: 68/68 MP: 8/8
  4599 | D:5      | Found a hazy altar of Hepliaklqana.
  4603 | D:5      | Found a white marble altar of Elyvilon.
  4606 | D:5      | Found a sacrificial altar of Ru.
  4892 | D:5      | Reached XP level 9. HP: 74/74 MP: 9/9
  5773 | D:6      | Reached skill level 10 in Shields
  5926 | D:7      | Found a blossoming altar of Fedhas.
  5983 | D:7      | Reached XP level 10. HP: 53/82 MP: 10/10
  6421 | D:7      | HP: 1/82 [troll (9)]
  6421 | D:7      | Mangled by a troll

Illustrated notes

Levels and vault maps discovered:
D:1:      onia_arrival_mini_spirals, layout_rooms,
          shapermc_ecumenical_altar_flowoftime
D:2:      layout_loops_cross, kennysheep_cross_bottleneck
D:3:      layout_basic, serial_shops, shop, nicolae_shop_window_shopping,
          nicolae_shop_waterfront, shop, minmay_misc_feat_plants, minivault_24,
          uniq_terence
D:4:      layout_loops_ring, minmay_distorted, uniq_blork_the_orc
D:5:      layout_loops_ring, minmay_overflow_temple_star_quad
D:6:      layout_rooms
D:7:      layout_basic, fedhas_altar_2, minmay_temple_entry_butterflies,
          hellmonk_guarded_unrand_lears

Skill      XL: |  1  2  3  4  5  6  7  8  9 |
---------------+----------------------------+-----
Axes           | 3 4 5 8 9 |  9.2
Fighting       | 4 8 |  8.7
Evocations     | 1 2 3 |  3.3
Armour         | 8 |  8.6
Throwing       | 1 2 |  2.6
Shields        | 9 10 | 10.1
Dodging        | |  0.7
Stealth        | |  0.2

Action                   |  1- 3 |  4- 6 |  7- 9 | 10-12 || total
-------------------------+-------+-------+-------+-------++-------
Melee: War axe           |    67 |   156 |    88 |       ||   311
       Broad axe         |       |       |    67 |    37 ||   104
  Use: Scroll            |       |       |     3 |     2 ||     5
       Potion            |       |       |     2 |     1 ||     3
Armor: Scale mail        |    31 |    71 |    71 |     9 ||   182
Dodge: Dodged            |    41 |    72 |    83 |    17 ||   213
Block: Buckler           |    15 |    30 |    48 |    12 ||   105

Table legend: (Time is in decaauts)
 A = Elapsed time spent in this place.
 B = Non-inter-level travel time spent in this place.
 C = Inter-level travel time spent in this place.
 D = Time resting spent in this place.
 E = Time spent auto-exploring this place.
 F = Levels seen in this place.
 G = Mean time per level.
                   A        B        C        D        E       F      G
               +--------+--------+--------+--------+--------+-----+--------+
         Total |   6532 |   6386 |    146 |      0 |   5375 |   7 |  933.1 |
       Dungeon |   6532 |   6386 |    146 |      0 |   5375 |   7 |  933.1 |
               +--------+--------+--------+--------+--------+-----+--------+

Top non-repeatable levels by time:
     D:3: 1365 daAuts
     D:4: 1149 daAuts
     D:2: 1065 daAuts
     D:5: 982 daAuts
     D:6: 892 daAuts
     D:1: 574 daAuts
     D:7: 504 daAuts
